AoeStats
← 711WasAPartTimeJob

Lombardia

509225019Analyzed
4v4 RM · 5d ago on Sep 26, 2026· 52m 19s· 8 players
Game mode
Random Map
Map size
Large (8 player)
Population
200
Speed
Normal
Resources
Standard
Victory
Conquest
Starting age
Dark Age
Ending age
Imperial Age
RankedLock teamsTeams togetherTeam positionsShared explorationLock speedFull tech treeHidden civsTurbo modeCheats
Victory
Defeat
🇺🇸 Vikings · United States
1078
+12
🇺🇸 Magyars · United States
1049
+13
🇹🇷 Celts · Türkiye
1025
+14
🇺🇸 Italians · United States
1007
+15
🇦🇷 Britons · Argentina
1067
-17
🇨🇳 Vietnamese · China
982
-13
🇦🇺 Wei · Australia
950
-12
🇦🇷 Persians · Argentina
945
-12
711WasAPartTimeJob
12:04 Feudal Age
13:48 Loom
14:40 Town Watch
17:15 Castle Age
17:28 Double-Bit Axe
19:17 Horse Collar
20:48 Bow Saw
25:32 Heavy Plow
25:36 Fletching
27:16 Ballistics
27:47 Padded Archer Armor
27:47 Bodkin Arrow
33:05 Wheelbarrow
36:20 Imperial Age
34:28 Wheelbarrow
33:38 Town Watch
34:29 Leather Archer Armor
36:38 Scale Barding Armor
36:44 Forging
37:10 Silk Road
38:01 Hand Cart
38:06 Bracer
39:09 Chemistry
38:15 Husbandry
39:14 Bloodlines
38:24 Light Cavalry
40:37 Chain Barding Armor
46:35 Hussar
48:31 Elite Genoese Crossbowman
52:31 Plate Barding Armor
52:32 Iron Casting
52:30 Ring Archer Armor
Hammer
11:09 Feudal Age
14:08 Wheelbarrow
13:43 Loom
14:01 Horse Collar
19:00 Castle Age
18:19 Double-Bit Axe
20:20 Bow Saw
20:14 Heavy Plow
21:00 Stone Mining
23:09 Fervor
26:29 Hand Cart
27:27 Fletching
27:57 Bloodlines
27:47 Husbandry
31:20 Ballistics
31:08 Gold Mining
32:26 Gold Shaft Mining
34:55 Imperial Age
32:55 Murder Holes
33:09 Scale Barding Armor
33:00 Bodkin Arrow
33:33 Corvinian Army
34:38 Chain Barding Armor
35:29 Masonry
35:15 Elite Magyar Huszar
36:38 Crop Rotation
37:32 Plate Barding Armor
38:07 Conscription
39:11 Recurve Bow
40:35 Two-Man Saw
Da Pope
7:36 Loom
7:43 Loom
10:29 Feudal Age
22:23 Castle Age
20:47 Fletching
20:45 Town Watch
21:02 Gold Mining
20:59 Double-Bit Axe
22:24 Crossbowman
23:11 Padded Archer Armor
23:06 Bodkin Arrow
25:02 Bow Saw
24:44 Horse Collar
35:11 Imperial Age
33:06 Elite Skirmisher
34:26 Leather Archer Armor
36:19 Conscription
38:43 Two-Man Saw
39:07 Pikeman
40:33 Squires
40:19 Arson
41:00 Forging
40:51 Scale Mail Armor
42:16 Iron Casting
45:26 Chain Mail Armor
46:12 Blast Furnace
50:51 Scale Barding Armor
51:18 Plate Mail Armor
squeezecheese21
11:11 Feudal Age
10:13 Loom
10:56 Loom
11:55 Double-Bit Axe
11:52 Horse Collar
14:49 Wheelbarrow
14:24 Town Watch
16:53 Castle Age
15:14 Gold Mining
16:25 Stone Mining
16:30 Fletching
17:45 Heavy Plow
21:34 Wheelbarrow
22:05 Stone Shaft Mining
22:18 Ballistics
23:16 Bow Saw
25:35 Forging
26:03 Scale Mail Armor
26:59 Stronghold
29:38 Chain Mail Armor
30:19 Iron Casting
31:14 Hand Cart
31:31 Bodkin Arrow
32:30 Gold Shaft Mining
32:03 Arson
37:10 Imperial Age
35:38 Coinage
38:15 Conscription
38:06 Furor Celtica
37:41 Capped Ram
38:10 Heavy Scorpion
39:17 Siege Ram
41:10 Blast Furnace
40:51 Elite Woad Raider
42:26 Scale Barding Armor
42:57 Plate Mail Armor
49:05 Siege Engineers
50:25 Masonry
Jimmy Jay
6:46 Loom
10:16 Feudal Age
11:04 Double-Bit Axe
14:49 Horse Collar
15:01 Gold Mining
17:30 Castle Age
18:30 Bow Saw
19:13 Wheelbarrow
19:09 Fletching
21:34 Horse Collar
22:19 Ballistics
22:06 Crossbowman
23:52 Padded Archer Armor
25:19 Hand Cart
26:14 Bodkin Arrow
33:30 Imperial Age
30:49 Town Watch
31:25 Leather Archer Armor
31:12 Caravan
34:29 Guilds
34:57 Conscription
36:19 Bracer
38:16 Ring Archer Armor
37:09 Arbalester
40:51 Chemistry
44:42 Masonry
KingJo
6:18 Loom
10:04 Feudal Age
10:39 Double-Bit Axe
10:42 Horse Collar
21:58 Castle Age
20:11 Bloodlines
20:08 Scale Barding Armor
21:03 Forging
23:35 Bow Saw
25:01 Gold Mining
32:37 Wheelbarrow
35:14 Imperial Age
33:47 Chain Barding Armor
33:35 Town Watch
35:48 Tuntian
36:36 Hand Cart
36:58 Iron Casting
37:11 Caravan
37:30 Heavy Hei Guang Cavalry
40:28 Ming Guang Armor
42:20 Gold Shaft Mining
ZZ4KI
5:45 Loom
9:29 Feudal Age
10:19 Double-Bit Axe
11:27 Wheelbarrow
14:47 Horse Collar
19:48 Castle Age
21:11 Town Watch
22:03 Bow Saw
26:51 Heavy Plow
27:13 Hand Cart
29:25 Caravan
30:59 Husbandry
34:36 Imperial Age
33:00 Town Patrol
33:12 Scale Barding Armor
33:58 Bloodlines
33:46 Fletching
34:06 Forging
33:38 Crossbowman
34:25 Thumb Ring
36:00 Conscription
36:12 Ballistics
36:54 Chemistry
36:11 Kamandaran
37:19 Cavalier
38:41 Iron Casting
38:01 Bodkin Arrow
38:27 Chain Barding Armor
38:47 Elite War Elephant
41:41 Squires
41:01 Pikeman
42:50 Blast Furnace
41:51 Scale Mail Armor
42:33 Halberdier
43:23 Heavy Camel Rider
44:53 Plate Barding Armor
47:49 Savar
圖表大師
11:27 Feudal Age
11:59 Loom
17:20 Castle Age
15:45 Double-Bit Axe
16:39 Stone Mining
17:45 Pikeman
22:57 Horse Collar
26:27 Heavy Plow
26:42 Bow Saw
29:15 Fletching
32:43 Treadmill Crane
36:06 Imperial Age
33:26 Town Watch
34:20 Wheelbarrow
34:07 Murder Holes
33:38 Elite Skirmisher
34:58 Bodkin Arrow
35:03 Gold Mining
36:32 Padded Archer Armor
36:59 Ballistics
36:39 Town Watch
37:11 Hand Cart
37:03 Bracer
37:28 Fortified Wall
37:24 Town Patrol
38:17 Stone Shaft Mining
37:44 Imperial Skirmisher
39:18 Leather Archer Armor
40:26 Chemistry
41:16 Scale Barding Armor
41:22 Forging
41:43 Ring Archer Armor
41:17 Chatras
42:45 Two-Man Saw
42:53 Crop Rotation
42:55 Chain Barding Armor
43:56 Iron Casting
43:50 Bloodlines
43:41 Husbandry
44:05 Elite Battle Elephant
47:57 Plate Barding Armor
49:42 Hoardings
50:40 Scale Mail Armor
51:59 Paper Money
Connection lost

Rejoining the realm…

Still unreachable

The connection could not be restored.

Session expired

The server has moved on; the page needs a fresh start.